 Dungeon Crawl Stone Soup version 0.18.1-5-g4a78601 (webtiles) character file.

46 Zhenya25pyc the Shield-Bearer (level 3, -3/23 HPs)
             Began as a Gargoyle Fighter on May 14, 2016.
             Slain by Robin
             ... wielding a +0 trident
              (4 damage)
             ... on level 2 of the Dungeon.
             The game lasted 00:01:30 (935 turns).

Zhenya25pyc the Shield-Bearer (Gargoyle Fighter)     Turns: 935, Time: 00:01:31

Health: -3/23      AC: 10    Str: 20    XL:     3   Next: 66%
Magic:  3/3        EV:  7    Int:  8    God:
Gold:   24         SH:  9    Dex:  9    Spells: 0 memorised, 2 levels left

rFire  . . .     SeeInvis .     a - +0 flail
rCold  . . .     Gourm    .     b - +0 scale mail
rNeg   + . .     Faith    .     c - +0 shield
rPois  ∞         Spirit   .     (no helmet)
rElec  +         Dismiss  .     (no cloak)
rCorr  .         Reflect  .     (no gloves)
SustAt .         Harm     .     (no boots)
MR     .....                    (no amulet)
Stlth  ..........               (no ring)
                                (no ring)

@: not resistant to hostile enchantments, extremely unstealthy
A: negative energy resistance 1, electricity resistance, unbreathing,
petrification resistance, rot immunity, AC +3
a: no special abilities


You were on level 2 of the Dungeon.
You were not hungry.

You visited 1 branch of the dungeon, and saw 2 of its levels.

You collected 24 gold pieces.

Inventory:

Hand Weapons
 a - a +0 flail (weapon)
Armour
 b - a +0 scale mail (worn)
 c - a +0 shield (worn)
Jewellery
 k - an uncursed ring of magical power {unknown}
Scrolls
 e - a scroll of noise {unknown}
 g - a scroll of enchant armour {unknown}
 i - 3 scrolls of magic mapping {unknown}
 l - a scroll of remove curse {unknown}
 m - a scroll of recharging {unknown}
 n - a scroll of teleportation {unknown}
 p - a scroll of immolation {unknown}
Potions
 d - a potion of might
 j - a potion of haste {unknown}
 o - a potion of invisibility {unknown}
Comestibles
 f - a bread ration
 h - 2 meat rations


   Skills:
 + Level 3.5 Fighting
 * Level 2.8 Maces & Flails
 + Level 3.5 Armour
 + Level 3.8 Shields


You had 2 spell levels left.
You didn't know any spells.

Dungeon Overview and Level Annotations

Branches:
Dungeon (2/15)

Altars:

Annotations:
D:2 Robin


Innate Abilities, Weirdness & Mutations

You are resistant to torment.
Your stone body is resilient (AC +3).
You are immune to poison.
You resist negative energy.
You are resistant to electric shocks.
You can survive without breathing.
You are immune to petrification.
You are immune to rotting.


Message History

You thump the goblin!
You kill the goblin!
The dart slug launches a dart at you. The slug dart hits you!
* * * LOW HITPOINT WARNING * * *
The dart slug bites you but does no damage.
You block Robin's attack.
Items here: ))) †† a dagger x2; a club; a goblin corpse; a hobgoblin corpse You hit the dart slug.
The dart slug is heavily wounded.
You hit the dart slug.
The dart slug is heavily wounded.
You block the dart slug's attack.
Robin says, "A pitiful Gargoyle like you will never find the ORB!"
Robin roars a battlecry!
You thump the dart slug!
You kill the dart slug!
Robin hits you from afar with a trident.
You die...

.. .. #.## #..# ###g.##
#..# ..g.. #..# #
#).##### #.(# .#.#.
#..#...#####..#
.....$###............#
......+@)g...........###
......#####....#........
##### #....##.####.#
#....##.#.....
#....##.#..#.#
...............
###.....#....#..
####..#....#..
#.....#....#.)


You could see Robin.

Vanquished Creatures
  An ooze (D:1)
  A worm (D:2)
  3 dart slugs
  4 bats (D:1)
  4 hobgoblins
  A giant newt (D:1)
  10 goblins
  3 kobolds (D:1)
  6 rats
33 creatures vanquished.

Vanquished Creatures (others)
  4 toadstools (D:1)
4 creatures vanquished.

Grand Total: 37 creatures vanquished

Notes
Turn   | Place    | Note
--------------------------------------------------------------
     0 | D:1      | Zhenya25pyc the Gargoyle Fighter began the quest for the Orb.
     0 | D:1      | Reached XP level 1. HP: 14/14 MP: 1/1
    76 | D:1      | Reached XP level 2. HP: 16/19 MP: 2/2
   537 | D:1      | Reached XP level 3. HP: 23/23 MP: 3/3
   900 | D:2      | Noticed Robin
   930 | D:2      | HP: 1/23 [dart slug/slug dart (2)]
   935 | D:2      | Slain by Robin

Action                   || total
-------------------------++-------
Melee: Flail             ||   116
Armor: Scale mail        ||    54
Dodge: Dodged            ||    32
Block: Shield            ||    63
